 Dungeon Crawl Stone Soup version 0.31-a0-876-gfe8ebadbca (webtiles) character file.

Game seed: 2712360608380778356

32 kae the Vexing (level 3, -1/25 HPs)
             Began as a Demonspawn Enchanter on Oct 13, 2023.
             Slain by a sleepcap (19 damage)
             ... on level 4 of the Dungeon.
             The game lasted 00:01:24 (1220 turns).

kae the Vexing (Demonspawn Enchanter)               Turns: 1220, Time: 00:01:25

Health: -1/25      AC:  2    Str:  8      XL:     3   Next: 8%
Magic:  15/15      EV:  2    Int: 16 (18) God:
Gold:   63         SH:  0    Dex: 11 (13) Spells: 4/6 levels left

rFire   . . .        a - +1 dagger
rCold   . . .        (no shield)
rNeg    . . .        b - +0 robe
rPois   .            (no helmet)
rElec   .            (no cloak)
rCorr   .            (no gloves)
SInv    .            (no boots)
Will    .....        g - amulet of regeneration
Stlth   ++           W - ring of magical power
HPRegen 1.04/turn    (no ring)
MPRegen 0.14/turn

%: no passive effects
@: sleeping
A: ignite blood 2
a: no special abilities


You were on level 4 of the Dungeon.
You visited 1 branch of the dungeon, and saw 4 of its levels.

You collected 63 gold pieces.


Innate Abilities, Weirdness & Mutations

Your demonic aura often causes spilled blood to erupt in flames.


   Skills:
 + Level 0.7 Fighting
 * Level 1.5 Short Blades
 - Level 1.7 Dodging
 + Level 2.9 Stealth
 + Level 2.2 Spellcasting
 * Level 3.4 Hexes


You had 4 spell levels left.
You knew the following spells:

 Your Spells              Type           Power      Damage    Failure   Level
a - Ensorcelled Hibernat  Hex/Ice        14%        N/A       16%         2

Your spell library contained the following spells:

 Spells                   Type           Power      Damage    Failure   Level
 Confusing Touch          Hex            12%        N/A       16%         3
 Tukima's Dance           Hex            12%        N/A       16%         3
 Magic Dart               Conj           4%         1d3       21%         1
 Searing Ray              Conj           2%         2d4       30%         2
 Dazzling Flash           Conj/Hex       14%        N/A       30%         3
 Fulminant Prism          Conj/Hex       3%         3d5       69%         4

Inventory:

Hand Weapons
 a - a +1 dagger (weapon)
Missiles
 d - 22 stones
Armour
 b - a +0 robe (worn)
Jewellery
 g - an amulet of regeneration (around neck)
   (You found it on level 1 of the Dungeon)
 W - a ring of magical power (left hand)
   (You found it on level 2 of the Dungeon)
Scrolls
 f - a scroll of torment {unknown}
Potions
 c - a potion of invisibility
 e - a potion of curing {unknown}
 i - 2 potions of lignification {!q}
 j - 2 potions of haste {unknown}
 k - a potion of brilliance
 l - a potion of ambrosia

Dungeon Overview and Level Annotations

Branches:
Dungeon (4/15) Zot: 22785
 Temple: D:4-7

Altars:

Annotations:
D:3 Ijyb

#######+### ..........#
..........# ..........#
..........# ......f...#
.......@..#
..........#####
#####+##########+#.....#
........# #.....#
........# #.....#
........# #####.....#
........# #....######
...###..# ..#....#
...###..##...#....#


You could see a sleepcap.


Message History

Press: ? - help, Shift-Dir - straight line, f - kobold, p - worm
Aim: a kobold, wielding a +0 dagger (chance to affect: 57%)
You miscast Ensorcelled Hibernation.
Nothing appears to happen. 😮 HP[+1] MP[-2]
You lost 2 mp, and now have 3/14 mp.
You hit the worm.
You kill the worm!
You have reached level 3!
Your experience leads to an increase in your attributes!
Your base attributes are Str 8, Int 16, Dex 13.
Increase (S)trength, (I)ntelligence, or (D)exterity?
You feel clever. x2; Your demonic ancestry asserts itself...
Your blood runs red-hot! 😮 HP[+4]
You now have 25 max hp (+5).
You regained 4 hp, and now have 18/25 hp.
Casting: Ensorcelled Hibernation (safe; 16% risk of failure)
Confirm with . or Enter, or press ? or * to list all spells.
Aiming: Ensorcelled Hibernation (safe; 16% risk of failure)
Press: ? - help, Shift-Dir - straight line, f/p - kobold
Aim: a kobold, wielding a +0 dagger (chance to affect: 58%)
The kobold resists with significant effort.
The kobold barely misses you. 😕 HP[+1] MP[-2]
You lost 2 mp, and now have 1/15 mp.
You closely miss the kobold. The kobold barely misses you. 😕 HP[+1]
You hit the kobold.
You kill the kobold! 😕 HP[+1]
Things that are here:
a +0 dagger; a worm corpse; 😕 HP[+1] MP[+1]
You start resting.
Your magical contamination has completely faded away. 😎 HP[+3]
Your hp is fully restored (25).
You see here a +0 quarterstaff.
A malevolent force fills the Dungeon...
You fall into a shaft and drop 2 floors!
The shaft crumbles and collapses.
You open the door.
Found a stone staircase leading up.
There is an open door here.
A goblin comes into view. It is wielding a +0 dagger.
The goblin unwields a +0 dagger.
The goblin wields a +0 sling.
The goblin shoots a sling bullet.
The sling bullet closely misses you. 😎 MP[+13]
Your mp is fully restored (15).
You closely miss the goblin.
The goblin unwields a +0 sling.
The goblin wields a +0 dagger.
The goblin completely misses you.
You hit the goblin. The goblin misses you.
You hit the goblin.
You kill the goblin!
No target in view!
No target in view!
No target in view!
No target in view!
There is a stone staircase leading up here.
You climb upwards.
There is a stone staircase leading down here.
Press: ? - help, v - describe, . - travel
Here: Ijyb, wielding a +0 club, wearing a +0 leather armour and carrying a wand of roots (asleep)
The floor.
Placed new exclusion.
Unknown command.
Ijyb shouts!
You climb downwards.
There is a stone staircase leading up here.
You now have 43 gold pieces (gained 8).
f - a scroll labelled CUEBBILAUXT
d - 22 stones (gained 6)
You now have 57 gold pieces (gained 14).
You now have 63 gold pieces (gained 6).
You open the door.
There is an open door here.
There is an open door here.
You open the door.
Found a stone staircase leading down.
There is an open door here.
There is a stone staircase leading down here.
A sleepcap comes into view.
You hit the sleepcap but do no damage. The sleepcap barely misses you.
You hit the sleepcap but do no damage.
The sleepcap releases spores at you but does no damage.
You hit the sleepcap but do no damage. The sleepcap completely misses you.
You hit the sleepcap but do no damage.
The sleepcap releases spores at you but does no damage.
You hit the sleepcap but do no damage. The sleepcap misses you.
You hit the sleepcap. The sleepcap releases spores at you.
You hit the sleepcap but do no damage. 😕 HP[-3]
You take 3 damage, and now have 22/25 hp.
You hit the sleepcap. The sleepcap releases spores at you!
You are engulfed in a cloud of soporific spores!
You fall asleep.
The sleepcap completely misses you. The sleepcap releases spores at you!!
Ouch! That really hurt!
You die...

Skill      XL: |  1 |
---------------+----+-----
Short Blades   | 1 |  1.5
Fighting       | |  0.7
Dodging        | |  1.7
Stealth        | |  2.9
Spellcasting   | |  2.2
Hexes          | |  3.4

Action                     || total
---------------------------++-------
  Melee: Dagger            ||    98
   Cast: Ensorcelled Hiber ||     9
    Use: Potion            ||     2
         Scroll            ||     5
   Stab: Invisible         ||     3
         Sleeping          ||     5
 Armour: Robe              ||    42
  Dodge: Dodged            ||    64

Levels and vault maps discovered:
D:1:      arrival_aquarium_b, layout_loops_ring, due_unseen_surprise
D:2:      layout_loops_ring, basic_altar, st_stairs_9, patterned_corridor
D:3:      layout_loops_ring, minitemple, shapermc_ecumenical_altar_petra,
          uniq_natasha, uniq_ijyb
D:4:      layout_gridville, dreamdust_princess_corridor, uniq_sigmund

Notes
Turn   | Place    | Note
-------+----------+-------------------------------------------
     0 | D:1      | kae the Demonspawn Enchanter began the quest for the Orb.
     0 | D:1      | Reached XP level 1. HP: 13/13 MP: 3/3
     0 | D:1      | magus.rc [v1.11.3]
     3 | D:1      | Noticed an electric eel
     8 | D:1      | Noticed an electric eel
    34 | D:1      | Reached skill level 1 in Short Blades
    62 | D:1      | You pick up a book of Conjurations and begin reading...
    62 | D:1      | You add the spells Magic Dart, Searing Ray and Fulminant
                  | Prism to your library.
   175 | D:1      | HP: 3/13 [jackal (2)]
   180 | D:1      | HP: 2/13 [jackal (2)]
   187 | D:1      | Gained mutation: Your demonic aura sometimes causes spilled
                  | blood to erupt in flames. [demonic ancestry]
   187 | D:1      | Reached XP level 2. HP: 5/19 MP: 5/5
   205 | D:1      | Learned a level 2 spell: Ensorcelled Hibernation
   959 | D:2      | Gained mutation: Your demonic aura often causes spilled
                  | blood to erupt in flames. [demonic ancestry]
   959 | D:2      | Reached XP level 3. HP: 18/25 MP: 3/6
  1101 | D:2      | You fall into a shaft and drop 2 floors!
  1124 | D:3      | Noticed Ijyb
  1220 | D:4      | Slain by a sleepcap

Vanquished Creatures
  A worm (D:2)
  A dart slug (D:1)
  A ball python (D:1)
  An endoplasm (D:1)
  A giant cockroach (D:2)
  3 goblins
  2 hobgoblins
  4 jackals (D:1)
  2 kobolds
  2 quokkas (D:1)
  A bat (D:1)
  5 rats
24 creatures vanquished.

Table legend:
 A = Non-vault XP
 B = Vault XP
 C = Vault XP percentage of total XP
 D = Non-vault monster count
 E = Vault monster count
 F = Vault count percentage of total count
                 A         B        C        D         E       F
            +---------+---------+-------+---------+---------+-------
      Total |      46 |       0 |   0.0 |      24 |       0 |   0.0
            +---------+---------+-------+---------+---------+-------
        D:1 |      33 |       0 |   0.0 |      18 |       0 |   0.0
        D:2 |      11 |       0 |   0.0 |       5 |       0 |   0.0
        D:4 |       2 |       0 |   0.0 |       1 |       0 |   0.0
            +---------+---------+-------+---------+---------+-------

Skill      XL: |  1 |
---------------+----+-----
Short Blades   | 1 |  1.5
Fighting       | |  0.7
Dodging        | |  1.7
Stealth        | |  2.9
Spellcasting   | |  2.2
Hexes          | |  3.4

Action                     || total
---------------------------++-------
  Melee: Dagger            ||    98
   Cast: Ensorcelled Hiber ||     9
    Use: Potion            ||     2
         Scroll            ||     5
   Stab: Invisible         ||     3
         Sleeping          ||     5
 Armour: Robe              ||    42
  Dodge: Dodged            ||    64

Illustrated notes

Table legend:
 A = Kills in this place as a percentage of kills in the entire game.
 B = Kills by you in this place as a percentage of kills by you in the entire game.
 C = Kills by friends in this place as a percentage of kills by friends in the entire game.
 D = Other kills in this place as a percentage of other kills in the entire game.
 E = Experience gained in this place as a percentage of experience gained in the entire game.
 F = Experience gained in this place divided by the number of levels of this place that you have seen.
                   A       B       C       D       E      F
               +-------+-------+-------+-------+-------+----------------------
         Total | 100.0 | 100.0 |   N/A |   N/A | 100.0 |  11.5
       Dungeon | 100.0 | 100.0 |   N/A |   N/A | 100.0 |  11.5
               +-------+-------+-------+-------+-------+----------------------

Table legend: (Time is in decaauts)
 A = Elapsed time spent in this place.
 B = Non-inter-level travel time spent in this place.
 C = Inter-level travel time spent in this place.
 D = Time resting spent in this place.
 E = Time spent auto-exploring this place.
 F = Levels seen in this place.
 G = Mean time per level.
                   A        B        C        D        E       F      G
               +--------+--------+--------+--------+--------+-----+--------+
         Total |   1213 |   1197 |     16 |     87 |    878 |   4 |  303.2 |
       Dungeon |   1213 |   1197 |     16 |     87 |    878 |   4 |  303.2 |
               +--------+--------+--------+--------+--------+-----+--------+

Top non-repeatable levels by time:
     D:1: 847 daAuts
     D:2: 247 daAuts
     D:4: 116 daAuts
     D:3: 1 daAuts
